 Dungeon Crawl Stone Soup version 0.30-a0-800-g7c544603b3 (webtiles) character file.

Game seed: 14889692217570003055

18 Sabo the Fighter (level 2, 0/36 HPs)
             Began as a Gnoll Wanderer on Feb 22, 2023.
             Slain by a jackal (1 damage)
             ... on level 2 of the Dungeon.
             The game lasted 00:05:24 (1053 turns).

Sabo the Fighter (Gnoll Wanderer)                   Turns: 1053, Time: 00:05:25

Health: 0/36       AC:  3    Str: 11    XL:     2   Next: 66%
Magic:  1/5        EV: 12    Int: 13    God:
Gold:   24         SH:  0    Dex:  9    Spells: 5/6 levels left

rFire   . . .      SeeInvis .    a - +1 falchion
rCold   . . .      Faith    .    (no shield)
rNeg    . . .      Spirit   .    c - +0 robe
rPois   .          Reflect  .    (no helmet)
rElec   .          Harm     .    (no cloak)
rCorr   .          Rampage  .    l - +0 pair of gloves
Will    .....                    (no boots)
Stlth   +                        (no amulet)
HPRegen 0.26/turn                (no ring)
MPRegen 0.09/turn                (no ring)

@: no status effects
A: fangs 1, strong nose, distributed training
a: no special abilities


You were on level 2 of the Dungeon.
You visited 1 branch of the dungeon, and saw 2 of its levels.

You collected 24 gold pieces.

Inventory:

Hand Weapons
 a - a +1 falchion (weapon)
Armour
 c - a +0 robe (worn)
 l - a +0 pair of gloves (worn)
Scrolls
 b - a scroll of fear
 d - a scroll of enchant weapon {unknown}
 e - a scroll of identify {unknown}
 i - a scroll of brand weapon {unknown}
 m - a scroll of silence {unknown}
Potions
 f - a potion of flight {unknown}
 g - a potion of curing {unknown}
 h - 2 potions of mutation {unknown}
 j - a potion of degeneration {unknown}
 k - a potion of brilliance {unknown}


   Skills:
 + Level 10.4 Fighting
 + Level 0.5 Short Blades
 + Level 2.5 Long Blades
 + Level 0.5 Axes
 + Level 0.5 Maces & Flails
 + Level 0.5 Polearms
 + Level 0.5 Staves
 + Level 0.5 Ranged Weapons
 + Level 0.5 Throwing
 + Level 0.5 Armour
 + Level 2.5 Dodging
 + Level 0.5 Stealth
 + Level 0.5 Shields
 + Level 0.5 Unarmed Combat
 + Level 2.7 Spellcasting
 + Level 0.3 Conjurations
 + Level 0.3 Hexes
 + Level 0.3 Summonings
 + Level 0.3 Necromancy
 + Level 0.3 Translocations
 + Level 0.3 Transmutations
 + Level 0.3 Fire Magic
 + Level 0.3 Ice Magic
 + Level 0.3 Air Magic
 + Level 3.7 Earth Magic
 + Level 0.3 Poison Magic
 + Level 0.6 Invocations
 + Level 0.5 Evocations


You had 5 spell levels left.
You knew the following spells:

 Your Spells              Type           Power      Damage    Failure   Level
a - Sandblast             Erth           22%        2d7       5%          1

Your spell library contained the following spells:

 Spells                   Type           Power      Damage    Failure   Level
 Passwall                 Tmut/Erth      5%         N/A       16%         2
 Stone Arrow              Conj/Erth      14%        3d7       30%         3


Dungeon Overview and Level Annotations

Branches:
Dungeon (2/15)

Altars:


Innate Abilities, Weirdness & Mutations

You have very sharp teeth.
Your uncanny sense of smell can sniff out nearby items.
Your experience applies equally to all skills.


Message History

The jackal barely misses you. The jackal bites you. The rat barely misses you.
The jackal bites you. The quokka bites you. The jackal bites you.
The jackal completely misses you.
You closely miss the rat. The jackal barely misses you. x2
The jackal bites you but does no damage.
The rat closely misses you. The quokka barely misses you.
The jackal closely misses you. The jackal barely misses you.
The jackal closely misses you.
The quokka bites you but does no damage.
The rat misses you.
You completely miss the rat. The jackal bites you.
The jackal barely misses you. x2; The quokka misses you.
The rat barely misses you.
You closely miss the rat. The jackal bites you.
* * * LOW HITPOINT WARNING * * *
The jackal closely misses you.
The jackal bites you but does no damage.
The quokka barely misses you. The jackal bites you.
* * * LOW HITPOINT WARNING * * *
The rat closely misses you. The jackal bites you.
* * * LOW HITPOINT WARNING * * *
The jackal bites you but does no damage.
You barely miss the rat. The quokka closely misses you. The jackal misses you.
The jackal bites you.
* * * LOW HITPOINT WARNING * * *
The jackal bites you.
* * * LOW HITPOINT WARNING * * *
The rat closely misses you. The quokka closely misses you.
The jackal bites you but does no damage.
You closely miss the rat. The jackal closely misses you. The jackal misses you.
The quokka bites you but does no damage.
The jackal bites you.
* * * LOW HITPOINT WARNING * * *
The rat bites you.
* * * LOW HITPOINT WARNING * * *
The jackal bites you but does no damage.
The jackal bites you.
* * * LOW HITPOINT WARNING * * *
You closely miss the rat. The jackal misses you. The jackal bites you.
You die...

#.####...#####.#
#............#.# ..
................ ...
#......<.....#.# ....
..####...#####.###....
#...#####.......#
#...†..##.8.⌠.8.#
#...##..hhr.....#
#...##.#.@r._.⌠.#
#.#.##.#..h......
∆#......##.8.⌠.8.#
###.#####......$# ...
#.##..... #.. ...
#..## #.# .... #.#
∆...


You could see a quokka, 3 jackals and a rat.

Vanquished Creatures
  4 endoplasms
  A goblin (D:1)
  A hobgoblin (D:1)
  2 jackals (D:2)
  3 ball pythons
  4 bats
  2 frilled lizards (D:1)
17 creatures vanquished.

Notes
Turn   | Place    | Note
-------+----------+-------------------------------------------
     0 | D:1      | Reached skill level 10 in Fighting
     0 | D:1      | Sabo the Gnoll Wanderer began the quest for the Orb.
     0 | D:1      | Sabo set off with the following items: a +1 falchion, a
                  | scroll of fear, a +0 robe; and the following spell
                  | memorised: Sandblast; and the following spells available to
                  | memorise: Passwall, Stone Arrow.
     0 | D:1      | Reached XP level 1. HP: 29/29 MP: 4/4
   423 | D:1      | Reached XP level 2. HP: 35/36 MP: 1/5
  1026 | D:2      | Found a faded altar of an unknown god.
  1052 | D:2      | HP: 1/36 [jackal (1)]
  1053 | D:2      | Slain by a jackal

Illustrated notes

Levels and vault maps discovered:
D:1:      dpeg_arrival_orchard, layout_basic
D:2:      layout_loops_cross, hellmonk_ecumenical_altar_dog_temple,
          minmay_goblin_outpost

Skill      XL: | |
---------------+-+-----
Fighting       | | 10.4
Short Blades   | |  0.5
Long Blades    | |  2.5
Axes           | |  0.5
Maces & Flails | |  0.5
Polearms       | |  0.5
Staves         | |  0.5
Ranged Weapons | |  0.5
Throwing       | |  0.5
Armour         | |  0.5
Dodging        | |  2.5
Stealth        | |  0.5
Shields        | |  0.5
Unarmed Combat | |  0.5
Spellcasting   | |  2.7
Conjurations   | |  0.3
Hexes          | |  0.3
Summonings     | |  0.3
Necromancy     | |  0.3
Translocations | |  0.3
Transmutations | |  0.3
Fire Magic     | |  0.3
Ice Magic      | |  0.3
Air Magic      | |  0.3
Earth Magic    | |  3.7
Poison Magic   | |  0.3
Invocations    | |  0.6
Evocations     | |  0.5

Action                     || total
---------------------------++-------
  Melee: Falchion          ||    25
         Bite              ||     5
   Cast: Sandblast         ||    17
 Armour: Robe              ||    18
  Dodge: Dodged            ||    50

Table legend: (Time is in decaauts)
 A = Elapsed time spent in this place.
 B = Non-inter-level travel time spent in this place.
 C = Inter-level travel time spent in this place.
 D = Time resting spent in this place.
 E = Time spent auto-exploring this place.
 F = Levels seen in this place.
 G = Mean time per level.
                   A        B        C        D        E       F      G
               +--------+--------+--------+--------+--------+-----+--------+
         Total |   1065 |   1065 |      0 |    228 |      0 |   2 |  532.5 |
       Dungeon |   1065 |   1065 |      0 |    228 |      0 |   2 |  532.5 |
               +--------+--------+--------+--------+--------+-----+--------+

Top non-repeatable levels by time:
     D:1: 1004 daAuts
     D:2: 60 daAuts
